 Dungeon Crawl Stone Soup version 0.27.1-4-g1640c2035a (webtiles) character file.

Game seed: 1208132487759216457

54 jjjjhere the Gusty (level 3, 0/19 HPs)
             Began as a Tengu Air Elementalist on Nov 16, 2021.
             Succumbed to an adder's poison
             ... on level 2 of the Dungeon.
             The game lasted 00:02:59 (1326 turns).

jjjjhere the Gusty (Tengu Air Elementalist)         Turns: 1326, Time: 00:02:59

Health: 0/19       AC:  2    Str:  8    XL:     3   Next: 91%
Magic:  2/7        EV: 12    Int: 16    God:
Gold:   42         SH:  0    Dex: 14    Spells: 3/6 levels left

rFire    . . .     SeeInvis .   j - +0 dagger (venom)
rCold    . . .     Faith    .   (no shield)
rNeg     . . .     Spirit   .   a - +0 robe
rPois    .         Reflect  .   (helmet restricted)
rElec    .         Harm     .   (no cloak)
rCorr    .         Rampage  .   (no gloves)
Will     .....                  (boots unavailable)
Stlth    ++........             (no amulet)
HPRegen  0.06/turn              (no ring)
MPRegen  0.10/turn              (no ring)

@: lethally poisoned (0 -> -11), very slightly contaminated
A: beak, talons 3
a: no special abilities


You were on level 2 of the Dungeon.
You visited 1 branch of the dungeon, and saw 2 of its levels.

You collected 42 gold pieces.

Inventory:

Hand Weapons
 e - a +2 dagger of flaming
 j - a +0 dagger of venom (weapon)
Armour
 a - a +0 robe (worn)
Scrolls
 b - a scroll of blinking {unknown}
 c - 4 scrolls of fear {unknown}
 d - 2 scrolls of noise {unknown}
 f - a scroll of identify {unknown}
 g - a scroll of torment {unknown}
 i - a scroll of vulnerability {unknown}
Potions
 h - a potion of invisibility {unknown}


   Skills:
 * Level 2.6 Dodging
 - Level 2.0 Stealth
 + Level 2.4 Spellcasting
 - Level 2.6 Conjurations
 * Level 5.0 Air Magic


You had 3 spell levels left.
You knew the following spells:

 Your Spells              Type           Power      Damage    Failure   Level
a - Shock                 Conj/Air       56%        1d6       4%          1
b - Static Discharge      Conj/Air       14%        N/A       6%          2

Your spell library contained the following spells:

 Spells                   Type           Power      Damage    Failure   Level
 Swiftness                Air            18%        N/A       8%          3
 Airstrike                Air            9%         N/A       26%         4


Dungeon Overview and Level Annotations

Branches:
Dungeon (2/15)

Altars:


Innate Abilities, Weirdness & Mutations

You have a beak for a mouth.
You have claws for feet.


Message History

An endoplasm comes into view.
Found a stone staircase leading down.
Aiming: Shock (safe; 4% risk of failure)
Press: ? - help, Q - select action, (/) - cycle Shift-Dir - straight line, f - adder
Aim: an adder (53% to hit)
The zap hits the adder.
The adder is moderately wounded.
The adder barely misses you.
Aiming: Shock (safe; 4% risk of failure)
Press: ? - help, Q - select action, (/) - cycle Shift-Dir - straight line, f/p - adder
Aim: an adder (lightly wounded, 53% to hit)
The zap hits the adder.
The adder is severely wounded.
The adder bites you.
You are poisoned.
The adder poisons you!
Casting: Shock (safe; 4% risk of failure)
Confirm with . or Enter, or press ? or * to list all spells.
You miscast Static Discharge.
You are very lightly contaminated with residual magic.
Nothing appears to happen.
You feel sick. The adder bites you.
You are more poisoned.
The adder poisons you!
Unknown command.
Casting: Static Discharge (safe; 6% risk of failure)
Confirm with . or Enter, or press ? or * to list all spells.
You miscast Static Discharge.
Nothing appears to happen.
You feel sick. The adder bites you but does no damage.
Casting: Static Discharge (safe; 6% risk of failure)
Confirm with . or Enter, or press ? or * to list all spells.
You don't have enough magic to cast this spell.
You hit the adder.
The adder is poisoned.
You peck the adder.
The adder is almost dead.
You feel sick. The adder bites you.
You are lethally poisoned!
The adder poisons you! The adder bites you.
* * * LOW HITPOINT WARNING * * *
You hit the adder but do no damage.
The adder looks as sick as possible!
The adder is almost dead.
You die...

.........# .# #
.........# #.#
# .........#
#.# #
.........## #..
# ..........#
#.# #
..........###.#
#
...........##.#
..
##########.##.#
## #..#@#
##.#S# #...#
##..# #..#
#.........J...
#...........##
#...........#
#...........#


You could see an adder (extremely poisoned).

Vanquished Creatures
  3 adders
  A worm (D:2)
  A ball python (D:1)
  4 bats
  An endoplasm (D:1)
  2 giant cockroaches
  A goblin (D:1)
  2 hobgoblins
  4 jackals (D:1)
  A quokka (D:2)
  2 kobolds
  2 rats
24 creatures vanquished.

Notes
Turn   | Place    | Note
-------+----------+-------------------------------------------
     0 | D:1      | jjjjhere the Tengu Air Elementalist began the quest for the
                  | Orb.
     0 | D:1      | Reached XP level 1. HP: 10/10 MP: 4/4
   172 | D:1      | Reached XP level 2. HP: 15/15 MP: 0/6
   777 | D:1      | HP: 4/15 [poisoned by an adder]
   778 | D:1      | HP: 1/15 [adder (2)]
   785 | D:1      | Reached XP level 3. HP: 11/19 MP: 0/7
   917 | D:1      | Learned a level 2 spell: Static Discharge
  1223 | D:2      | Found a faded altar of an unknown god.
  1265 | D:2      | Reached skill level 5 in Air Magic
  1325 | D:2      | HP: 3/19 [adder (5)]
  1326 | D:2      | Succumbed to an adder's poison

Illustrated notes

Levels and vault maps discovered:
D:1:      minmay_arrival_arboretum_small, layout_basic
D:2:      layout_basic, ebering_ecumenical_altar_rust

Skill      XL: |  1  2  3 |
---------------+----------+-----
Conjurations   | 2 |  2.6
Air Magic      | 5 |  5.0
Dodging        | |  2.6
Stealth        | |  2.0
Spellcasting   | |  2.4

Action                   || total
-------------------------++-------
Melee: Dagger            ||     7
       Peck              ||     2
 Cast: Shock             ||    52
  Use: Potion            ||     1
Armor: Robe              ||    13
Dodge: Dodged            ||    30
